 Dungeon Crawl Stone Soup version 0.30.1-3-gfc49f6343a (webtiles) character file.

Game seed: 14483911737788065937

261 Wiggles the Cleaver (level 5, 0/45 HPs)
             Began as a Minotaur Berserker on Aug 2, 2023.
             Was a Believer of Trog.
             Slain by a centaur (6 damage)
             ... on level 4 of the Dungeon.
             The game lasted 00:03:42 (2409 turns).

Wiggles the Cleaver (Minotaur Berserker)            Turns: 2409, Time: 00:03:43

Health: 0/45       AC:  4    Str: 24    XL:     5   Next: 96%
Magic:  0/4        EV: 11    Int:  4    God:    Trog [**....]
Gold:   169        SH:  0    Dex:  9    Spells: 4/4 levels left

rFire   . . .        a - +0 hand axe
rCold   . . .        (no shield)
rNeg    . . .        i - +0 leather armour
rPois   .            (helmet restricted)
rElec   .            (no cloak)
rCorr   +            (no gloves)
SInv    .            b - +0 pair of boots
Will    .....        p - amulet of guardian spirit
Stlth   +            g - ring of resist corrosion
HPRegen 0.27/turn    (no ring)
MPRegen 0.09/turn

%: guardian spirit
@: no status effects
A: horns 2, retaliatory headbutt
a: Renounce Religion, Berserk, Trog's Hand


You were on level 4 of the Dungeon.
You worshipped Trog.
Trog was pleased with you.
You visited 1 branch of the dungeon, and saw 4 of its levels.

You collected 169 gold pieces.

Inventory:

Hand Weapons
 a - a +0 hand axe (weapon)
Missiles
 r - 9 boomerangs (quivered)
Armour
 b - a +0 pair of boots (worn)
 i - a +0 leather armour (worn)
Jewellery
 g - a ring of resist corrosion (left hand)
 p - an amulet of guardian spirit (around neck)
Scrolls
 e - 4 scrolls of identify {unknown}
 f - a scroll of amnesia {unknown}
 j - a scroll of vulnerability {unknown}
 k - 2 scrolls of fog {unknown}
 m - a scroll of teleportation {unknown}
 n - a scroll of blinking {unknown}
 v - a scroll of immolation {unknown}
 y - a scroll of enchant armour {unknown}
Potions
 c - 2 potions of curing {unknown}
 d - 3 potions of lignification {unknown}
 h - 4 potions of heal wounds {unknown}
 l - a potion of mutation {unknown}
 o - 2 potions of haste {unknown}
 q - a potion of might {unknown}
 s - 2 potions of ambrosia {unknown}
 t - a potion of attraction {unknown}
 u - a potion of degeneration {unknown}
 w - a potion of magic {unknown}
 x - a potion of flight {unknown}


   Skills:
 - Level 3.6 Fighting
 + Level 8.0 Axes
 - Level 2.4 Armour
 - Level 2.1 Dodging
 - Level 0.6 Stealth


You had 4 spell levels left.
You didn't know any spells.
Your spell library was empty.

Dungeon Overview and Level Annotations

Branches:
Dungeon (4/15)
 Temple: D:4-7

Altars:

Shops:
D:4 *


Innate Abilities, Weirdness & Mutations

You have a pair of horns on your head.
You reflexively headbutt those who attack you in melee.


Message History

The jackal barely misses you.
You slash the jackal!
You kill the jackal!
Trog accepts your kill.
The ball python bites you but does no damage.
The ball python grabs you. The ball python constricts you.
You hit the ball python.
You kill the ball python!
Trog accepts your kill.
No target in view!
No target in view!
No target in view!
You see here a ball python corpse.
A centaur comes into view.
The centaur shouts!
The centaur wields a +0 shortbow.
The centaur shoots an arrow.
The arrow hits you!
The centaur shoots an arrow.
The arrow hits you!
The centaur shoots an arrow.
The arrow barely misses you.
The centaur shoots an arrow.
The arrow misses you.
The centaur shoots an arrow.
The arrow closely misses you.
You see here a ball python corpse.
The centaur shoots an arrow.
The arrow misses you.
The centaur shoots an arrow.
The arrow hits you!
The centaur shoots an arrow.
The arrow hits you.
The centaur shoots an arrow.
The arrow hits you.
The centaur shoots an arrow.
The arrow hits you.
The centaur shoots an arrow.
The arrow barely misses you.
The centaur shoots an arrow.
The arrow barely misses you.
The centaur shoots an arrow.
The arrow hits you.
* * * LOW HITPOINT WARNING * * *
The centaur shoots an arrow.
The arrow barely misses you.
You see here a ball python corpse.
The centaur unwields a +0 shortbow.
The centaur completely misses you.
The centaur kicks you but does no damage.
The centaur hits you.
* * * LOW HITPOINT WARNING * * *
The centaur barely misses you.
You barely miss the centaur. The centaur hits you.
You die...

....####...... ##.##
...............#####..#
.....c................###
..........# ####.......#..
..........# ###........#
.........# ##........##
.........### ###......#....#
#####......####......####....
#..##..c@†......## ###.. #..#
###........## #.. #...
###.....## #.. ..... ###..##
#.. ..... #..# ##.. ##...
#..# #.... ##.# ....... ..
........ .#......


You could see a centaur.

Vanquished Creatures
  An ogre (D:4)
  A scorpion (D:2)
  5 adders
  A worm (D:2)
  3 dart slugs
  8 orcs (D:3)
  7 endoplasms
  A giant cockroach (D:3)
  8 hobgoblins
  4 jackals
  9 kobolds
  2 ball pythons
  5 bats
  3 frilled lizards
  2 goblins (D:1)
  2 rats (D:1)
62 creatures vanquished.

Notes
Turn   | Place    | Note
-------+----------+-------------------------------------------
     0 | D:1      | Wiggles the Minotaur Berserker began the quest for the Orb.
     0 | D:1      | Reached XP level 1. HP: 19/19 MP: 0/0
   133 | D:1      | Reached skill level 4 in Axes
   136 | D:1      | Reached XP level 2. HP: 26/26 MP: 1/1
   502 | D:1      | Reached skill level 5 in Axes
   759 | D:2      | Reached XP level 3. HP: 25/31 MP: 2/2
  1090 | D:2      | Noticed a scorpion
  1098 | D:2      | Killed a scorpion
  1099 | D:2      | Reached skill level 6 in Axes
  1099 | D:2      | Reached XP level 4. HP: 39/39 MP: 3/3
  1463 | D:3      | Reached ** piety under Trog
  1495 | D:3      | Reached XP level 5. HP: 44/45 MP: 2/4
  1540 | D:3      | Found a faded altar of an unknown god.
  1704 | D:3      | Reached skill level 7 in Axes
  2106 | D:4      | Found Balez's General Store.
  2133 | D:4      | Noticed an ogre
  2143 | D:4      | Killed an ogre
  2246 | D:4      | Reached skill level 8 in Axes
  2390 | D:4      | Noticed a centaur
  2409 | D:4      | Slain by a centaur

Illustrated notes

Levels and vault maps discovered:
D:1:      ncdulo_halloftheorcs, layout_basic, serial_bayou_pond_b,
          chequers_serial_rivers_large_a, serial_bayou_ford_a,
          minmay_strange_pillars
D:2:      layout_rooms
D:3:      layout_basic, basic_ecumenical_altar, corexii_item_surrounded_by_moat
D:4:      layout_layer_cave, serial_shops, nicolae_stop_n_shop_1

Skill      XL: |  1  2  3  4  5 |
---------------+----------------+-----
Axes           | 4 5 6 8 |  8.0
Fighting       | |  3.6
Armour         | |  2.4
Dodging        | |  2.1
Stealth        | |  0.6

Action                     |  1- 3 |  4- 6 || total
---------------------------+-------+-------++-------
  Melee: Hand axe          |    55 |    51 ||   106
         Headbutt          |     8 |     5 ||    13
  Throw: Boomerang         |       |    13 ||    13
 Invoke: Berserk           |     1 |     1 ||     2
 Armour: Animal skin       |     5 |       ||     5
         Leather armour    |     8 |    16 ||    24
  Dodge: Dodged            |    41 |    41 ||    82
